 Dungeon Crawl Stone Soup version 0.31-a0-851-g7ff8af7976 (webtiles) character file.

Game seed: 5194172398601478487

4 Kurtz the Sneak (level 1, 0/18 HPs)
             Began as a Mummy Delver on Oct 6, 2023.
             Slain by an orc wizard
             ... wielding a +0 dagger
              (2 damage)
             ... on level 4 of the Dungeon.
             The game lasted 00:00:19 (144 turns).

Kurtz the Sneak (Mummy Delver)                       Turns: 144, Time: 00:00:19

Health: 0/18       AC:  3    Str: 15    XL:     1   Next: 58%
Magic:  1/1        EV: 11    Int:  9    God:
Gold:   53         SH:  0    Dex: 13    Spells: 0/0 levels left

rFire   x . .        a - +0 hand axe
rCold   + . .        (no shield)
rNeg    + + +        b - +0 leather armour
rPois   ∞            (no helmet)
rElec   .            (no cloak)
rCorr   .            (no gloves)
SInv    .            (no boots)
Will    .....        (no amulet)
Stlth   +            (no ring)
HPRegen 0.23/turn    (no ring)
MPRegen 0.07/turn

%: faith
@: confused
A: cold resistance 1, negative energy resistance 3, torment resistance 2, heat
vulnerability 1, in touch with death 1, no potions, faith
a: no special abilities


You were on level 4 of the Dungeon.
You visited 1 branch of the dungeon, and saw 2 of its levels.

You collected 53 gold pieces.

Inventory:

Hand Weapons
 a - a +0 hand axe (weapon)
Armour
 b - a +0 leather armour (worn)
Wands
 f - a wand of digging (3)
Scrolls
 c - a scroll of fog
 d - 2 scrolls of revelation
 e - a scroll of fear


   Skills:
 - Level 3.0 Fighting
 * Level 2.0 Axes
 - Level 1.5 Dodging
 - Level 4.1 Stealth


You couldn't memorise any spells.
You didn't know any spells.
Your spell library was empty.

Dungeon Overview and Level Annotations

Branches:
Dungeon (5/15)
 Temple: D:4-7

Altars:


Innate Abilities, Weirdness & Mutations

You are immune to poison.
Your flesh is cold resistant. (rC+)
You are immune to negative energy. (rN+++)
You are immune to unholy pain and torment.
You are vulnerable to heat. (rF-)
You are in touch with the powers of death.
You do not drink.
You have a special connection with the divine. (Faith)


Message History

You feel less confused.
The orc wizard gestures at you while chanting.
The magic dart hits you!
Ouch! That really hurt!
* * * LOW HITPOINT WARNING * * *
The orc wizard gestures at you while chanting.
You are confused.
You bump into the rock wall.
A hobgoblin comes into view.
The hobgoblin shouts!
You're too confused to move!
The orc wizard hits you with a +0 dagger.
* * * LOW HITPOINT WARNING * * *
You feel less confused.
You barely miss the hobgoblin.
You hit the orc wizard but do no damage.
The hobgoblin hits you but does no damage.
The orc wizard hits you with a +0 dagger.
* * * LOW HITPOINT WARNING * * *
Unknown command.
You closely miss the hobgoblin. You closely miss the orc wizard.
The hobgoblin completely misses you.
An orc comes into view. It is wielding a +0 mace.
The orc wizard barely misses you.
The orc shouts!
You hit the hobgoblin.
You kill the hobgoblin!
You closely miss the orc wizard.
You hear a shout!
The orc wizard hits you but does no damage.
Your Axes skill increases to level 2!
Unknown command.
Unknown command.
Unknown command.
Unknown command.
You barely miss the orc wizard.
The orc wizard gestures at you while chanting.
You are confused.
The orc wizard hits you with a +0 dagger.
You die...

#..# . #... .
. ...#.#
..#####..#.
.............#
.............#
........##.#.#
.......@##.#.#
..#####o##.#.#
#o##.#.#
#......#
##....>#
#.#.#.#
#.#.#.#
#######.#....
......†.###.##


You could see an orc wizard and an orc.

Vanquished Creatures
  An orc (D:4)
  A ball python (D:4)
  A hobgoblin (D:4)
3 creatures vanquished.

Notes
Turn   | Place    | Note
-------+----------+-------------------------------------------
     0 | D:5      | Kurtz the Mummy Delver began the quest for the Orb.
     0 | D:5      | Reached XP level 1. HP: 18/18 MP: 1/1
    65 | D:5      | Noticed an ice beast
   119 | D:4      | Noticed an orc wizard
   144 | D:4      | Slain by an orc wizard

Illustrated notes

Levels and vault maps discovered:
D:4:      layout_loops_cross, minmay_temple_entry_slanted,
          minmay_misc_feat_rows, uniq_edmund
D:5:      layout_rooms, minmay_misc_feat_ornament

Skill      XL: |  1 |
---------------+----+-----
Axes           | 2 |  2.0
Fighting       | |  3.0
Dodging        | |  1.5
Stealth        | |  4.1

Action                     || total
---------------------------++-------
  Melee: Hand axe          ||    11
 Armour: Leather armour    ||    18
  Dodge: Dodged            ||     6

Table legend: (Time is in decaauts)
 A = Elapsed time spent in this place.
 B = Non-inter-level travel time spent in this place.
 C = Inter-level travel time spent in this place.
 D = Time resting spent in this place.
 E = Time spent auto-exploring this place.
 F = Levels seen in this place.
 G = Mean time per level.
                   A        B        C        D        E       F      G
               +--------+--------+--------+--------+--------+-----+--------+
         Total |    145 |    145 |      0 |      5 |     66 |   2 |   72.5 |
       Dungeon |    145 |    145 |      0 |      5 |     66 |   2 |   72.5 |
               +--------+--------+--------+--------+--------+-----+--------+

Top non-repeatable levels by time:
     D:5: 96 daAuts
     D:4: 49 daAuts
